 Dungeon Crawl Stone Soup version 0.18-a0-1683-gf9322e6 (webtiles) character file.

376 inmateoo the Ducker (level 6, 0/50 HPs)
             Began as a Demigod Arcane Marksman on Apr 3, 2016.
             Slain by an ogre
             ... wielding a +0 giant club
              (14 damage)
             ... on level 3 of the Dungeon.
             The game lasted 00:12:05 (3047 turns).

inmateoo the Ducker (Demigod Arcane Marksman)       Turns: 3047, Time: 00:12:05

Health: 0/50       AC:  6    Str: 18    XL:     6   Next: 20%
Magic:  3/10       EV: 12    Int: 17    God:
Gold:   167        SH:  0    Dex: 15    Spells: 3 memorised, 1 level left

rFire  + . .     SeeInvis .     a - +0 hand crossbow
rCold  . . .     Gourm    .     n - +0 ring mail
rNeg   . . .     Faith    .     (no shield)
rPois  .         Spirit   .     (no helmet)
rElec  .         Dismiss  .     (no cloak)
rCorr  .         Reflect  .     h - +0 pair of gloves
SustAt +         Harm     .     (no boots)
MR     .....                    (no amulet)
Stlth  +.........               (no ring)
                                r - ring of protection from fire

@: very slightly contaminated, starving, not resistant to hostile enchantments,
very unstealthy
A: high mp 1, sustain attributes
a: no special abilities


You were on level 3 of the Dungeon.
You were starving.

You visited 1 branch of the dungeon, and saw 4 of its levels.
You also visited: Sewer.

You collected 230 gold pieces.
You spent 63 gold pieces at shops.

Inventory:

Hand Weapons
 a - a +0 hand crossbow (weapon)
 e - a +0 dagger
 q - a +0 blowgun
 s - a +0 spear
Missiles
 d - 10 bolts (quivered)
 u - 9 poisoned needles
Armour
 h - a +0 pair of gloves (worn)
 n - a +0 ring mail (worn)
Jewellery
 r - a ring of protection from fire (left hand)
 t - an uncursed ring of teleportation
Scrolls
 g - 3 scrolls of teleportation
 i - 5 scrolls of magic mapping
 p - 2 scrolls of fear
Potions
 b - a potion of beneficial mutation {unknown}
 j - 2 potions of flight {unknown}
 k - 2 potions of might {unknown}
 l - a potion of curing
 m - a potion of heal wounds {unknown}
Books
 c - a book of Debilitation

   Spells                             Type                      Level
   a - Corona                         Hexes                        1
   b - Slow                           Hexes                        2
   c - Gell's Gravitas                Hexes/Translocation          3
   d - Inner Flame                    Hexes/Fire                   3
   e - Cause Fear                     Hexes                        4
   f - Leda's Liquefaction            Hexes/Earth                  4
Comestibles
 f - a bread ration
 o - a slice of pizza


   Skills:
 + Level 2.5 Fighting
 * Level 2.6 Polearms
 + Level 2.5 Crossbows
 + Level 2.2 Armour
 + Level 3.3 Dodging
 + Level 1.2 Spellcasting
 - Level 2.8 Hexes
 + Level 0.5 Translocations


You had one spell level left.
You knew the following spells:

 Your Spells              Type           Power        Failure   Level  Hunger
a - Corona                Hex            ##.....      12%         1    ##.....
b - Gell's Gravitas       Hex/Tloc       #.........   56%         3    ####...
c - Slow                  Hex            ##......     17%         2    ###....


Dungeon Overview and Level Annotations

Branches:
Dungeon (4/15)
 Temple: D:4-7

Shops:
D:4 =


Innate Abilities, Weirdness & Mutations

You have an increased reservoir of magic (+10% MP).
Your attributes are resistant to harm.


Message History

The ogre is lightly wounded.
The ogre hits you with a giant club!
Wield which item (- for none, * to show all)? (? for menu, Esc to quit)
s - a +0 spear (weapon)
Wield which item (- for none, * to show all)? (? for menu, Esc to quit)
a - a +0 hand crossbow (weapon)
The ogre misses you.
Firing (i - inventory):
d - 12 bolts (quivered)
Press: ? - help, Shift-Dir - straight line, f/p - ogre
Aim: an ogre, wielding a giant club (lightly wounded, poisoned)
You shoot a bolt. The bolt barely misses the ogre.
The ogre hits you with a giant club!!
* * * LOW HITPOINT WARNING * * *
Firing (i - inventory):
d - 11 bolts (quivered)
Press: ? - help, Shift-Dir - straight line, f/p - ogre
Aim: an ogre, wielding a giant club (moderately wounded, poisoned)
You shoot a bolt. The bolt hits the ogre.
The ogre is moderately wounded.
The ogre hits you with a giant club!
You die...

# #.######.....# #.# #.#### # #.#
#.....# #.# #..... # #.# #.....#
#.############# # #.# #.....#
#.....>...#. # # #.# #.....#
#########.#. # # #.#
#.....#######)).#(#. # # #..
#...........O.#)#.#. #
#########################.#.#. #
................@O(((..(..#.#.###
###########################<#....
#.##### #.....† #######


You could see an ogre.

Vanquished Creatures
  2 big kobolds (Sewer)
  An orc priest (D:3)
  An orc wizard (D:3)
  6 adders
  2 river rats (Sewer)
  An ooze (D:4)
  7 worms
  2 giant geckos
  10 orcs
  6 ball pythons
  7 bats
  4 giant cockroaches
  6 goblins
  7 hobgoblins
  8 kobolds
  A giant newt (D:3)
  8 rats
79 creatures vanquished.

Notes
Turn   | Place    | Note
--------------------------------------------------------------
     0 | D:1      | inmateoo the Demigod Arcane Marksman began the quest for the Orb.
     0 | D:1      | Reached XP level 1. HP: 15/15 MP: 4/4
    49 | D:1      | Reached skill level 1 in Fighting
   110 | D:1      | Reached skill level 2 in Dodging
   191 | D:1      | Reached XP level 2. HP: 21/23 MP: 6/6
   620 | D:2      | Reached XP level 3. HP: 14/28 MP: 7/7
   750 | D:2      | Found a snail-covered altar of Cheibriados.
   810 | D:2      | Found a white marble altar of Elyvilon.
   821 | D:2      | Reached skill level 1 in Armour
   968 | D:2      | You fall through a shaft for 2 floors!
   990 | D:4      | Found Exil's Jewellery Emporium.
  1013 | D:4      | Bought a cursed ring of teleportation for 63 gold pieces
  1061 | D:4      | Found a glowing drain.
  1122 | Sewer    | Entered a sewer
  1160 | Sewer    | Reached XP level 4. HP: 11/36 MP: 8/8
  1443 | Sewer    | Noticed a big kobold
  1444 | Sewer    | Noticed a big kobold
  1474 | Sewer    | Killed a big kobold
  1474 | Sewer    | Reached skill level 1 in Polearms
  1474 | Sewer    | Reached XP level 5. HP: 39/41 MP: 9/9
  1503 | Sewer    | Reached skill level 3 in Dodging
  1838 | D:4      | Found a sparkling altar of Nemelex Xobeh.
  2111 | D:3      | Reached XP level 6. HP: 38/50 MP: 10/10
  2287 | D:3      | Learned a level 3 spell: Gell's Gravitas
  2290 | D:3      | Learned a level 2 spell: Slow
  3047 | D:3      | Slain by an ogre

Vault maps used:
D:1:      zelgadis_glass_arrival_small
D:2:      okawaru_altar_gauntlet_db, old_standard_altar, elyvilon_altar_5
D:3:      minmay_distorted
D:4:      overflow_temple_1_default, serial_shops, shop_coins,
          portal_sewer_entry_c, first_bread, kennysheep_small_circle
Sewer:    sewer_co_15_rooms

Skill      XL: |  1  2  3  4  5 |
---------------+----------------+-----
Fighting       | 1 2 |  2.5
Dodging        | 2 3 |  3.3
Crossbows      | 2 |  2.5
Armour         | 1 2 |  2.2
Polearms       | 1 2 |  2.6
Spellcasting   | |  1.2
Hexes          | |  2.8
Translocations | |  0.5

Action                   |  1- 3 |  4- 6 || total
-------------------------+-------+-------++-------
Melee: Dagger            |   159 |    50 ||   209
       Spear             |    32 |   182 ||   214
       Unarmed           |       |    10 ||    10
 Fire: Hand crossbow     |    21 |    14 ||    35
       Blowgun           |       |     8 ||     8
 Cast: Corona            |       |     2 ||     2
       Slow              |       |     5 ||     5
       Gell's Gravitas   |       |     2 ||     2
  Use: Scroll            |     4 |     7 ||    11
       Potion            |     2 |     2 ||     4
 Stab: Invisible         |     7 |     4 ||    11
  Eat: Chunk             |       |     2 ||     2
       Meat ration       |       |     1 ||     1
